 Dungeon Crawl Stone Soup version 0.31-a0-167-g1c394c0614 (webtiles) character file.

Game seed: 4461111630351031819

4021 mopl the Grave Robber (level 10, -1/51 HPs)
             Began as a Vine Stalker Necromancer on June 14, 2023.
             Slain by a manticore (21 damage)
             ... on level 7 of the Dungeon.
             The game lasted 00:16:55 (5442 turns).

mopl the Grave Robber (Vine Stalker Necromancer)    Turns: 5442, Time: 00:16:56

Health: -1/51      AC:  5    Str: 10    XL:     10   Next: 23%
Magic:  0/21       EV: 14    Int: 19    God:
Gold:   534        SH:  0    Dex: 16    Spells: 6/23 levels left

rFire   + . .        A - +0 rapier
rCold   + . .        (no shield)
rNeg    . . .        a - +0 robe
rPois   .            t - +2 hat
rElec   .            I - +0 cloak
rCorr   .            (no gloves)
SInv    .            (no boots)
Will    +....        g - amulet of magic regeneration
Stlth   +++          d - ring of protection from cold
HPRegen 1.08/turn    K - ring of protection from fire
MPRegen 0.57/turn

%: guardian spirit
@: no status effects
A: fangs 3, regeneration 1, magic shield, antimagic bite, no potion heal 2
a: no special abilities


You were on level 7 of the Dungeon.
You visited 2 branches of the dungeon, and saw 8 of its levels.

You collected 534 gold pieces.

Inventory:

Hand Weapons
 i - a +0 dagger
 A - a +0 rapier (weapon)
 B - the +9 glaive of Acunoab {antimagic, Will+++}
   (You found it on level 5 of the Dungeon)

   Will:      It greatly increases your willpower.
Missiles
 h - 12 boomerangs
 v - a poisoned dart
Armour
 a - a +0 robe (worn)
 r - a +1 leather armour of cold resistance
 t - a +2 hat (worn)
 z - a +1 cloak of willpower
 H - +0 acid dragon scales
 I - a +0 cloak (worn)
Jewellery
 d - a ring of protection from cold (left hand)
 g - an amulet of magic regeneration (around neck)
 u - a ring of wizardry
 K - a ring of protection from fire (right hand)
 L - a ring of magical power
Wands
 s - a wand of digging (8)
 y - a wand of iceblast (3)
 C - a wand of light (10)
Scrolls
 c - 5 scrolls of poison {unknown}
 f - a scroll of enchant weapon {unknown}
 k - a scroll of amnesia {unknown}
 l - a scroll of immolation
 m - 4 scrolls of identify {unknown}
 n - 2 scrolls of fog {unknown}
 p - 2 scrolls of teleportation {unknown}
 q - a scroll of blinking {unknown}
 w - 2 scrolls of vulnerability {unknown}
 D - a scroll of noise {unknown}
 E - 3 scrolls of fear {unknown}
 F - a scroll of acquirement {unknown}
 G - a scroll of brand weapon {unknown}
 M - a scroll of enchant armour {unknown}
Potions
 b - a potion of magic
 e - a potion of brilliance {unknown}
 j - 5 potions of heal wounds {unknown}
 o - 2 potions of lignification {unknown}
 x - a potion of berserk rage {unknown}
 J - a potion of curing


   Skills:
 + Level 5.1 Fighting
 + Level 5.1 Short Blades
 + Level 5.0 Dodging
 + Level 6.1 Stealth
 + Level 7.1 Spellcasting
 + Level 7.9 Necromancy


You had 6 spell levels left.
You knew the following spells:

 Your Spells              Type           Power      Damage    Failure   Level
a - Necrotise             Necr           100%       1d9       1%          1
b - Vampiric Draining     Necr           36%        2d8       1%          3
c - Agony                 Necr           36%        N/A       11%         5
d - Dispel Undead         Necr           36%        3d15      3%          4
A - Animate Dead          Necr           36%        N/A       3%          4

Your spell library contained the following spells:

 Spells                   Type           Power      Damage    Failure   Level
 Kiss of Death            Conj/Necr      84%        2d11      1%          1
 Cigotuvi's Dreadful Rot  Necr/Pois/Air  32%        N/A       5%          2
 Apportation              Tloc           12%        N/A       10%         1
 Sting                    Tmut/Pois      24%        1d4       10%         1
 Poisonous Vapours        Pois/Air       12%        N/A       16%         2
 Call Canine Familiar     Summ           6%         N/A       30%         3
 Confusing Touch          Hex            6%         N/A       30%         3
 Dazzling Flash           Conj/Hex       12%        N/A       30%         3
 Frozen Ramparts          Ice            12%        1d2       30%         3
 Hailstorm                Conj/Ice       6%         3d4       30%         3
 Inner Flame              Hex/Fire       6%         N/A       30%         3
 Mephitic Cloud           Conj/Pois/Air  6%         N/A       30%         3
 Portal Projectile        Hex/Tloc       12%        N/A       30%         3
 Flame Wave               Conj/Fire      6%         2d5       69%         4
 Ice Form                 Ice/Tmut       6%         N/A       69%         4
 Leda's Liquefaction      Hex/Erth       3%         N/A       69%         4
 Olgreb's Toxic Radiance  Pois           6%         N/A       69%         4
 Sticky Flame             Conj/Fire      6%         2d3       69%         4
 Summon Ice Beast         Ice/Summ       6%         N/A       69%         4
 Alistair's Intoxication  Tmut/Pois      4%         N/A       95%         5
 Iskenderun's Battlesphe  Conj           6%         2d6       95%         5
 Silence                  Hex/Air        3%         N/A       95%         5
 Simulacrum               Ice/Necr       10%        N/A       97%         6
 Leda's Unmaking          Conj/Erth      3%         9d1       100%        6
 Spellforged Servitor     Conj/Summ      3%         N/A       100%        7
 Chain Lightning          Conj/Air       3%         3d4       100%        9


Dungeon Overview and Level Annotations

Branches:
Dungeon (7/15)             Temple (1/1) D:4

Altars:
Ashenzari
Cheibriados
Dithmenos
Elyvilon
Fedhas
Gozag
Makhleb
Nemelex Xobeh
Okawaru
Qazlal
Ru
Sif Muna
Trog
Uskayaw
Vehumet
Wu Jian
Xom

Shops:
D:2 (   D:4 [[=   D:7 [


Innate Abilities, Weirdness & Mutations

You have razor-sharp teeth.
Your natural rate of healing is unusually fast.
When hurt, damage is shared between your health and your magic reserves.
Your bite disrupts and absorbs the magic of your enemies.
Potions cannot restore your health.


Message History

The manticore writhes in agony.
The manticore flicks its tail.
The volley of spikes hits you!
The barbed spikes become lodged in your body.
Casting: Necrotise (safe; 1% risk of failure)
Confirm with . or Enter, or press ? or * to list all spells.
Aiming: Necrotise (safe; 1% risk of failure)
Press: ? - help, Shift-Dir - straight line, f/p - manticore
Aim: a manticore (lightly wounded, chance to affect: 70%)
The manticore struggles to resist.
Unknown command.
Casting: Necrotise (safe; 1% risk of failure)
Confirm with . or Enter, or press ? or * to list all spells.
Aiming: Necrotise (safe; 1% risk of failure)
Press: ? - help, Shift-Dir - straight line, f/p - manticore
Aim: a manticore (lightly wounded, chance to affect: 70%)
The manticore struggles to resist.
Unknown command.
You barely miss the manticore. Your bite misses the manticore.
The manticore is lightly wounded.
The manticore completely misses you. The manticore misses you. x2
You closely miss the manticore. Your bite misses the manticore.
The manticore is lightly wounded.
The manticore bites you!! The manticore barely misses you.
The manticore claws you.
You puncture the manticore!
You bite the manticore, but do no damage.
The manticore is moderately wounded.
You carefully extract the barbed spikes from your body.
The manticore bites you!
The manticore claws you but does no damage.
The manticore claws you!
Casting: Necrotise (safe; 1% risk of failure)
Confirm with . or Enter, or press ? or * to list all spells.
Aiming: Vampiric Draining (safe; 1% risk of failure)
Press: ? - help, Shift-Dir - straight line, f/p - manticore
Aim: a manticore (moderately wounded)
You draw life force from the manticore.
You feel life coursing into your body. The manticore bites you!!
You die...

.......###.###..#.#..#.....##.###
.##....#[....##.....##......##≈.⌠
.#....####.####..#..#.......###≈~
#.....#......)##...##......## ###
.....#####.#####...#...#..##
.#...#..e...)..##.##..##...#
.##.##.###.###.##.#...#....#
.##.#'#'#######H#'#........#
....#.##..#.#(#.@##.......##
...##. #..#)#.#|.#.........#
...##. ##.#.#.#.##.........######
..###e #.#.#.#.#........<......#
..# #u ##..#..##..###......###.#
.## [| #..#..#..## #......#.♣.≈
.# ##.#.##.## #......#..~~ ##
#.#.#..#####......#.~~~ #
##.##....##...#...#.~~~


You could see a manticore.

Vanquished Creatures
  A two-headed ogre (D:7)
  2 deep elf pyromancers (D:7)
  Maggie (D:7)
  Eustachio (D:4)
  2 steam dragons
  A water moccasin (D:7)
  Duvessa (D:6)
  A black bear (D:7)
  An orc warrior (D:7)
  A sky beast (D:7)
  A phantom (D:7)
  2 bullfrogs (D:7)
  3 scorpions
  Dowan (D:6)
  4 killer bees
  2 jellies (D:7)
  3 orc priests
  Crazy Yiuf (D:4)
  8 hounds
  A sleepcap (D:6)
  Jessica (D:2)
  An iguana (D:3)
  4 orc wizards
  6 adders
  3 gnolls (D:3)
  2 shadow imps (D:7)
  2 white imps (D:7)
  5 ufetubi
  2 worms (D:4)
  3 dart slugs
  13 orcs
  5 endoplasms
  3 giant cockroaches
  14 goblins
  9 hobgoblins
  3 jackals (D:1)
  3 quokkas
  5 ball pythons
  3 bats
  2 frilled lizards
  5 kobolds
  5 rats
137 creatures vanquished.

Vanquished Creatures (collateral kills)
  2 adders
  An endoplasm (D:2)
  A goblin (D:5)
  2 hobgoblins
  A bat (D:2)
7 creatures vanquished.

Grand Total: 144 creatures vanquished

Notes
Turn   | Place    | Note
-------+----------+-------------------------------------------
     0 | D:1      | mopl the Vine Stalker Necromancer began the quest for the
                  | Orb.
     0 | D:1      | Reached XP level 1. HP: 9/9 MP: 4/4
   278 | D:1      | Got the Vellum of the Infected Tempest
   345 | D:1      | Reached XP level 2. HP: 13/13 MP: 2/6
   719 | D:2      | Reached XP level 3. HP: 15/16 MP: 2/8
   723 | D:2      | Reached skill level 3 in Spellcasting
   746 | D:2      | Learned a level 3 spell: Vampiric Draining
   885 | D:2      | Found Fyminug's Antique Weapon Shoppe.
   910 | D:2      | Found a faded altar of an unknown god.
   956 | D:2      | Noticed Jessica
   962 | D:2      | Killed Jessica
   963 | D:2      | Gained mutation: Your natural rate of healing is unusually
                  | fast. [Vine Stalker growth]
   963 | D:2      | Reached XP level 4. HP: 10/21 MP: 1/10
  1315 | D:2      | Reached skill level 5 in Necromancy
  1472 | D:3      | Reached skill level 4 in Spellcasting
  1472 | D:3      | Reached XP level 5. HP: 13/24 MP: 0/12
  1557 | D:3      | Found an ornate altar of the Wu Jian Council.
  2085 | D:3      | Reached skill level 1 in Fighting
  2085 | D:3      | Reached skill level 1 in Short Blades
  2085 | D:3      | Reached XP level 6. HP: 19/30 MP: 5/13
  2139 | D:4      | Reached skill level 2 in Dodging
  2156 | D:4      | Found Loufe's Armour Shop.
  2167 | D:4      | Found Onloqurgh's Armour Emporium.
  2246 | D:4      | Found Qafill's Jewellery Emporium.
  2247 | D:4      | Noticed Eustachio
  2267 | D:4      | Killed Eustachio
  2268 | D:4      | Reached XP level 7. HP: 32/34 MP: 1/15
  2355 | D:4      | Found a burning altar of Makhleb.
  2359 | D:4      | Reached skill level 2 in Fighting
  2359 | D:4      | Reached skill level 2 in Short Blades
  2417 | D:4      | Found a staircase to the Ecumenical Temple.
  2541 | D:4      | Found a runed translucent door.
  2542 | D:4      | Noticed Crazy Yiuf
  2553 | D:4      | Killed Crazy Yiuf
  2554 | D:4      | Reached skill level 6 in Necromancy
  2642 | Temple   | Entered the Ecumenical Temple
  2918 | D:5      | Entered Level 5 of the Dungeon
  2955 | D:5      | Reached skill level 5 in Spellcasting
  2964 | D:5      | Learned a level 4 spell: Animate Dead
  2970 | D:5      | Learned a level 5 spell: Agony
  3002 | D:5      | Found a broken altar of Ashenzari.
  3017 | D:5      | Found a sacrificial altar of Ru.
  3042 | D:5      | Identified the +9 glaive of Acunoab {antimagic, Will+++}
  3424 | D:6      | Noticed Duvessa
  3424 | D:6      | Noticed Dowan
  3484 | D:6      | Killed Dowan
  3485 | D:6      | Reached skill level 3 in Dodging
  3485 | D:6      | Gained mutation: You have razor-sharp teeth. [Vine Stalker
                  | growth]
  3485 | D:6      | Reached XP level 8. HP: 39/39 MP: 10/16
  3583 | D:6      | Killed Duvessa
  3584 | D:6      | Reached skill level 3 in Fighting
  3584 | D:6      | Reached skill level 3 in Short Blades
  3793 | D:6      | Found a shadowy altar of Dithmenos.
  3841 | D:6      | Found a radiant altar of Vehumet.
  4475 | D:7      | Found Luigheydu's Armour Shop.
  4494 | D:7      | Noticed Maggie
  4516 | D:7      | Killed Maggie
  4517 | D:7      | Reached skill level 3 in Stealth
  4529 | D:7      | Reached skill level 6 in Spellcasting
  4529 | D:7      | Reached XP level 9. HP: 38/45 MP: 13/19
  4559 | D:7      | Reached skill level 4 in Dodging
  4559 | D:7      | Reached skill level 7 in Necromancy
  4661 | D:7      | Found a bloodstained altar of Trog.
  4758 | D:7      | Reached skill level 4 in Fighting
  4758 | D:7      | Reached skill level 4 in Stealth
  4802 | D:7      | Reached skill level 4 in Short Blades
  5003 | D:7      | Found a shimmering altar of Xom.
  5197 | D:7      | Learned a level 4 spell: Dispel Undead
  5260 | D:7      | Noticed a two-headed ogre
  5260 | D:7      | Noticed a deep elf pyromancer
  5281 | D:7      | Killed a deep elf pyromancer
  5282 | D:7      | Reached skill level 5 in Stealth
  5314 | D:7      | Noticed a purple ugly thing
  5328 | D:7      | Noticed a troll
  5337 | D:7      | Killed a two-headed ogre
  5338 | D:7      | Reached skill level 5 in Fighting
  5338 | D:7      | Reached skill level 7 in Spellcasting
  5338 | D:7      | Reached XP level 10. HP: 16/51 MP: 1/21
  5397 | D:7      | Noticed a deep elf pyromancer
  5397 | D:7      | Noticed a red ugly thing
  5430 | D:7      | Killed a deep elf pyromancer
  5431 | D:7      | Reached skill level 5 in Short Blades
  5431 | D:7      | Reached skill level 5 in Dodging
  5431 | D:7      | Reached skill level 6 in Stealth
  5434 | D:7      | Noticed a manticore
  5442 | D:7      | Slain by a manticore

Illustrated notes

Levels and vault maps discovered:
D:1:      dpeg_arrival_long_road, layout_basic, serial_park_tiny_1
D:2:      layout_basic, hellmonk_ecumenical_altar_blasted, serial_shops, shop,
          minmay_statues_item, minmay_tall_x, uniq_jessica
D:3:      cheibrodos_greedy_goblins, layout_basic, nicolae_wu_jian_wuxing_cycle,
          serial_glass, glass_columns_a, glass_columns_c
D:4:      layout_basic, makhleb_heckhound_becter,
          minmay_temple_entry_nine_rooms, serial_shops, nicolae_shop_stone,
          kennysheep_mini, nicolae_shop_trees, uniq_crazy_yiuf_cottage,
          uniq_eustachio
D:5:      layout_rooms, cheibrodos_ashenzari_chains,
          nicolae_ru_great_annihilating_truth
D:6:      layout_loops_ring, mainiacjoe_overflow_catwalk, vehumet_crystals,
          minmay_misc_feat_tower, uniq_duvessa
D:7:      minmay_the_grid_triangle_9x9_rhombus_thin
          [minmay_the_grid_triangle_9x9_wacky_v,
          minmay_the_grid_triangle_9x9_prize_center,
          minmay_the_grid_triangle_9x9_negative_grid,
          minmay_the_grid_triangle_9x9_skeleton], layout_cave_pools, trog_book,
          tgw_xom, serial_shops, nicolae_shop_real_fake_doors, serial_demonic,
          serial_demonic_f, serial_demonic_g, serial_demonic_e,
          serial_demonic_b, serial_demonic_c, serial_demonic_e, uniq_maggie
Temple:   nicolae_temple_bog_church

Skill      XL: |  1  2  3  4  5  6  7  8  9 10 |
---------------+-------------------------------+-----
Spellcasting   | 3 4 5 6 7 |  7.1
Necromancy     | 5 6 7 |  7.9
Fighting       | 1 2 3 5 |  5.1
Short Blades   | 1 2 3 4 5 |  5.1
Dodging        | 2 3 4 5 |  5.0
Stealth        | 3 5 6 |  6.1

Action                     |  1- 3 |  4- 6 |  7- 9 | 10-12 || total
---------------------------+-------+-------+-------+-------++-------
  Melee: Unarmed           |     2 |       |       |       ||     2
         Dagger            |       |    17 |    75 |       ||    92
         Bite              |       |     5 |    40 |     4 ||    49
         Rapier            |       |       |    27 |    12 ||    39
  Throw: Dart              |       |       |     3 |     1 ||     4
   Cast: Necrotise         |    51 |   118 |   190 |    11 ||   370
         Vampiric Draining |       |       |    15 |     2 ||    17
  Evoke: Wand              |       |       |     3 |       ||     3
   Stab: Invisible         |       |       |     1 |       ||     1
 Armour: Robe              |     5 |    25 |    64 |     2 ||    96
  Dodge: Dodged            |    17 |    60 |   167 |     6 ||   250

Table legend: (Time is in decaauts)
 A = Elapsed time spent in this place.
 B = Non-inter-level travel time spent in this place.
 C = Inter-level travel time spent in this place.
 D = Time resting spent in this place.
 E = Time spent auto-exploring this place.
 F = Levels seen in this place.
 G = Mean time per level.
                   A        B        C        D        E       F      G
               +--------+--------+--------+--------+--------+-----+--------+
         Total |   5437 |   5097 |    340 |    218 |   3631 |   8 |  679.6 |
       Dungeon |   5286 |   4957 |    329 |    218 |   3500 |   7 |  755.1 |
        Temple |    150 |    140 |     10 |      0 |    130 |   1 |  150.0 |
               +--------+--------+--------+--------+--------+-----+--------+

Top non-repeatable levels by time:
     D:7: 988 daAuts
     D:6: 963 daAuts
     D:2: 755 daAuts
     D:1: 689 daAuts
     D:4: 678 daAuts
     D:3: 650 daAuts
     D:5: 561 daAuts
  Temple: 150 daAuts
